 Dungeon Crawl Stone Soup version 0.28.0-45-g0d030f2227 (webtiles) character file.

Game seed: 12298372818589638509

486 MisterFreud the Ruffian (level 6, -2/51 HPs)
             Began as a Draconian Transmuter on Apr 21, 2022.
             Slain by a phantom (4 damage)
             ... on level 5 of the Dungeon.
             The game lasted 00:07:02 (5435 turns).

MisterFreud the Ruffian (Draconian Transmuter)      Turns: 5435, Time: 00:07:02

Health: -2/51      AC:  2    Str: 13    XL:     6   Next: 89%
Magic:  7/11       EV: 20    Int: 15    God:
Gold:   206        SH:  0    Dex: 16    Spells: 1/11 levels left

rFire   . . .      SeeInvis .     - Unarmed
rCold   . . .      Faith    .   (shield currently unavailable)
rNeg    . . .      Spirit   .   (armour unavailable)
rPois   x          Reflect  .   (helmet currently unavailable)
rElec   .          Harm     .   (cloak currently unavailable)
rCorr   .          Rampage  .   (gloves currently unavailable)
Will    .....                   (boots currently unavailable)
Stlth   +.........              (no amulet)
HPRegen 0.17/turn               (no ring)
MPRegen 0.12/turn               (no ring)

@: mighty, spider-form, attractive
A: venomous fangs, AC +6, tiny, unfitting armour, (cold-blooded)
a: End Transformation


You were on level 5 of the Dungeon.
You were a venomous arachnid creature.
You visited 1 branch of the dungeon, and saw 5 of its levels.

You collected 206 gold pieces.

Inventory:

Armour
 l - a +0 cloak (melded)
Wands
 f - a wand of iceblast (9)
 o - a wand of polymorph (8)
Scrolls
 b - 2 scrolls of silence {unknown}
 c - 3 scrolls of identify {unknown}
 i - a scroll of blinking {unknown}
 k - 2 scrolls of immolation {unknown}
 m - a scroll of noise {unknown}
Potions
 d - a potion of berserk rage {unknown}
 e - a potion of ambrosia {unknown}
 g - a potion of resistance {unknown}
 h - a potion of curing
 j - a potion of attraction
 n - a potion of lignification {unknown}


   Skills:
 - Level 3.5 Fighting
 - Level 3.3 Dodging
 - Level 4.3 Unarmed Combat
 - Level 3.4 Spellcasting
 + Level 3.8 Transmutations


You had one spell level left.
You knew the following spells:

 Your Spells              Type           Power      Damage    Failure   Level
a - Beastly Appendage     Tmut           28%        N/A       13%         1
b - Wereblood             Tmut           14%        N/A       17%         2
c - Spider Form           Tmut/Pois      8%         N/A       47%         3
d - Ice Form              Ice/Tmut       8%         N/A       83%         4

Your spell library contained the following spells:

 Spells                   Type           Power      Damage    Failure   Level
 Apportation              Tloc           4%         N/A       38%         1
 Lesser Beckoning         Tloc           2%         N/A       71%         3
 Mephitic Cloud           Conj/Pois/Air  2%         N/A       71%         3
 Portal Projectile        Hex/Tloc       4%         N/A       71%         3
 Airstrike                Air            1%         N/A       96%         4
 Passage of Golubria      Tloc           2%         N/A       96%         4
 Alistair's Intoxication  Tmut/Pois      5%         N/A       98%         5
 Storm Form               Tmut/Air       4%         N/A       100%        7
 Necromutation            Tmut/Necr      4%         N/A       100%        8


Dungeon Overview and Level Annotations

Branches:
Dungeon (5/15)
 Temple: D:4-7

Altars:
Lugonu

Portals:
Abyss: D:3

Annotations:
D:4 Grinder


Innate Abilities, Weirdness & Mutations

You are a venomous arachnid creature.
You have poisonous fangs.
You are tiny and dextrous.
Your spellcasting is less reliable in this form.
Your armour is entirely melded.
You are incapable of wielding weapons or throwing items.
((Your plain brown scales are hard. (AC +6)))
You cannot fit into any form of body armour.
((You are cold-blooded and may be slowed by cold attacks.))


Message History

The phantom is heavily damaged.
The phantom barely misses you.
You hit the phantom but do no damage.
The phantom is heavily damaged.
You bite the phantom!
The phantom is severely damaged.
The phantom completely misses you.
You hit the phantom but do no damage.
The phantom is severely damaged.
The phantom misses you.
You barely miss the phantom.
The phantom is severely damaged.
The phantom hits you but does no damage.
You barely miss the phantom.
The phantom is severely damaged.
The phantom hits you.
The phantom blinks!
You blink.
You hit the phantom.
The phantom is severely damaged.
Your transformation has ended.
Your +0 cloak unmelds from your body.
The phantom closely misses you.
You hit the phantom but do no damage.
Your tail-slap misses the phantom.
The phantom is severely damaged.
The phantom hits you but does no damage.
Casting: Spider Form (dangerous; 26% risk of failure)
Confirm with . or Enter, or press ? or * to list all spells.
You turn into a venomous arachnid creature.
Your +0 cloak melds into your body.
The phantom hits you!
* * * LOW HITPOINT WARNING * * *
The phantom blinks!
You blink.
Found an Everburning Encyclopedia.
You hit the phantom.
The phantom is severely damaged.
The phantom hits you!
* * * LOW HITPOINT WARNING * * *
It was a potion of attraction.
You feel attractive to monsters. The phantom closely misses you.
It was a potion of might.
You feel very mighty all of a sudden. The phantom hits you.
You die...

.).........
###'##........
.............##+##.
...................
...................
...................#
...........#.......#
..$.................
......#sW...........
.................... #.
:..###..................
.........##ยง!..####.....
.......>.##....####.....
.........###...........
.........+.............
.........#.........##
.........#.........#


You could see a phantom.

Vanquished Creatures
  Edmund (D:3)
  Duvessa (D:4)
  Dowan (D:4)
  Crazy Yiuf (D:3)
  Jessica (D:3)
  Ijyb (D:3)
  A scorpion zombie (D:5)
  Robin (D:2)
  2 adders
  A worm (D:1)
  4 dart slugs
  2 orcs (D:3)
  5 ball pythons
  8 bats
  7 endoplasms
  2 giant cockroaches
  14 goblins
  9 hobgoblins
  4 jackals
  4 kobolds
  4 quokkas
  2 frilled lizards
  5 rats
81 creatures vanquished.

Vanquished Creatures (others)
  A lurking horror (D:3)
1 creature vanquished.

Grand Total: 82 creatures vanquished

Notes
Turn   | Place    | Note
-------+----------+-------------------------------------------
     0 | D:1      | MisterFreud the Draconian Transmuter began the quest for
                  | the Orb.
     0 | D:1      | Reached XP level 1. HP: 16/16 MP: 3/3
   172 | D:1      | Reached XP level 2. HP: 22/23 MP: 3/5
   297 | D:1      | Found a faded altar of an unknown god.
  1152 | D:1      | Reached XP level 3. HP: 29/29 MP: 6/6
  1320 | D:2      | Noticed Robin
  2805 | D:2      | Reached XP level 4. HP: 33/36 MP: 5/7
  2954 | D:2      | Killed Robin
  2960 | D:2      | Learned a level 2 spell: Wereblood
  2964 | D:2      | Learned a level 3 spell: Spider Form
  3096 | D:3      | Noticed Ijyb
  3178 | D:3      | Killed Ijyb
  3344 | D:3      | Got the Reference Book on Unstable Poison
  3484 | D:3      | Found a one-way gate to the infinite horrors of the Abyss.
  3784 | D:3      | Found the +10 tower shield of Ignorance {rN+ Int-4}
  3789 | D:3      | Found a corrupted altar of Lugonu.
  3913 | D:3      | Reached XP level 5. HP: 41/42 MP: 7/9
  4145 | D:3      | Found a runed translucent door.
  4146 | D:3      | Noticed Crazy Yiuf
  4156 | D:3      | Killed Crazy Yiuf
  4366 | D:3      | Noticed Jessica
  4373 | D:3      | Killed Jessica
  4441 | D:4      | Noticed Edmund
  4443 | D:4      | Noticed Duvessa
  4478 | D:3      | Killed Edmund
  4479 | D:3      | Reached skill level 4 in Unarmed Combat
  4479 | D:3      | Reached XP level 6. HP: 6/51 MP: 3/10
  4757 | D:4      | Noticed Dowan
  4823 | D:4      | Killed Duvessa
  4839 | D:4      | Killed Dowan
  4958 | D:4      | Got the Disquisition on Quantum Flight
  4974 | D:4      | Noticed Grinder
  4987 | D:5      | Entered Level 5 of the Dungeon
  5249 | D:5      | Learned a level 4 spell: Ice Form
  5433 | D:5      | HP: 1/51 [phantom (9)]
  5435 | D:5      | Slain by a phantom

Illustrated notes

Levels and vault maps discovered:
D:1:      saegor_arrival_simple_d, layout_basic, nicolae_ecumenical_lake_church,
          serial_glass, glass_columns_a, glass_columns_b, due_unseen_surprise,
          minmay_strange_pillars
D:2:      layout_rooms, kennysheep_doodads, uniq_robin
D:3:      layout_basic, amcnicky_altar_lugonu_corruption,
          uniq_crazy_yiuf_cottage, uniq_jessica, uniq_ijyb
D:4:      layout_rooms, minmay_shop_enchanted_jewellery, uniq_edmund,
          uniq_duvessa, uniq_grinder
D:5:      layout_basic, jmf_multi_god_temple2, minmay_temple_entry_antechambers

Skill      XL: |  1  2  3  4  5 |
---------------+----------------+-----
Dodging        | 2 3 |  3.3
Fighting       | 2 3 |  3.5
Transmutations | 3 |  3.8
Unarmed Combat | 4 |  4.3
Spellcasting   | 3 |  3.4

Action                   |  1- 3 |  4- 6 || total
-------------------------+-------+-------++-------
Melee: Unarmed           |   160 |   156 ||   316
       Kick              |    18 |     8 ||    26
       Punch             |     4 |     2 ||     6
       Tailslap          |    14 |     9 ||    23
       Headbutt          |     9 |     3 ||    12
 Cast: Beastly Appendage |    20 |    12 ||    32
       Spider Form       |       |    12 ||    12
  Use: Potion            |       |     2 ||     2
 Stab: Sleeping          |       |     2 ||     2
       Confused          |       |     1 ||     1
Armor: Skin              |    83 |    21 ||   104
Dodge: Dodged            |   147 |    91 ||   238
